 Dungeon Crawl Stone Soup version 0.21-a0-216-g6d3fd91 (webtiles) character file.

46 tehllama the Insei (level 3, 0/23 HPs)
             Began as an Octopode Transmuter on Aug 23, 2017.
             Slain by a goblin
             ... wielding a +0 dagger
             ... led by Robin
              (3 damage)
             ... on level 1 of the Dungeon.
             The game lasted 00:03:18 (716 turns).

tehllama the Insei (Octopode Transmuter)             Turns: 716, Time: 00:03:18

Health: 0/23       AC:  1    Str: 10    XL:     3   Next: 68%
Magic:  5/6        EV: 13    Int: 15    God:
Gold:   65         SH:  0    Dex: 12    Spells: 5/6 levels left

rFire    . . .     SeeInvis .     - Unarmed
rCold    . . .     Gourm    .   (no shield)
rNeg     . . .     Faith    .   (helmet restricted)
rPois    .         Spirit   .   (no amulet)
rElec    .         Reflect  .   (no ring)
rCorr    .         Harm     .   (no ring)
MR       .....                  (no ring)
Stlth    +++.......             (no ring)
HPRegen  0.07/turn              (no ring)
MPRegen  0.10/turn              (no ring)
                                (no ring)
                                (no ring)

@: appendage
A: almost no armour, stealthy swim, amphibious, 8 rings, constrict 8, tentacle
spike 3, camouflage 1, gelatinous body 1
a: End Transformation


You were on level 1 of the Dungeon.
You were not hungry.
One of your tentacles had a temporary spike.
You visited 1 branch of the dungeon, and saw 2 of its levels.

You collected 65 gold pieces.

Inventory:

Missiles
 a - 12 arrows
 j - 4 tomahawks of dispersal (quivered)
Scrolls
 e - 3 scrolls of identify {unknown}
 f - a scroll of fog {unknown}
 i - a scroll of remove curse {unknown}
 k - a scroll of teleportation {unknown}
Potions
 h - a potion of agility {unknown}
Books
 b - a book of Changes

   Spells                             Type                      Level
   a - Beastly Appendage              Transmutation                1
   b - Sticks to Snakes               Transmutation                2
   c - Spider Form                    Transmutation/Poison         3
   d - Ice Form                       Ice/Transmutation            4
   e - Blade Hands                    Transmutation                5
Comestibles
 c - a bread ration
 g - 4 fruits


   Skills:
 - Level 1.0 Fighting
 - Level 2.0 Dodging
 + Level 1.3 Stealth
 + Level 4.4 Unarmed Combat
 - Level 2.0 Spellcasting
 - Level 2.0 Transmutations


You had 5 spell levels left.
You knew the following spells:

 Your Spells              Type           Power        Failure   Level  Hunger
a - Beastly Appendage     Tmut           #.....       10%         1    #......


Dungeon Overview and Level Annotations

Branches:
Dungeon (2/15)

Altars:

Annotations:
D:2 Robin


Innate Abilities, Weirdness & Mutations

You cannot wear most types of armour.
You are very stealthy in the water. (Stealth+)
You are amphibious.
You can wear up to eight rings at the same time.
You can use your tentacles to constrict eight enemies at once.
Your skin changes colour to match your surroundings (Stealth+).
Your rubbery body absorbs attacks. (AC +1, EV +1)
One of your tentacles bears a large vicious spike.


Message History

* * * LOW HITPOINT WARNING * * *
Things that are here:
a hunting sling; 20 stones
Found a scale mail.
All of the chunks of flesh in your inventory have rotted away.
Found 8 gold pieces.
There is a stone staircase leading up here.
The goblin no longer looks unusually strong.
The goblin hits you with a dagger.
* * * LOW HITPOINT WARNING * * *
You climb upwards.
There is a stone staircase leading down here.
Casting: Beastly Appendage
Confirm with . or Enter, or press ? or * to list all spells.
One of your tentacles grows a vicious spike.
The goblin barely misses you.
You closely miss the goblin. You grab the goblin. You tentacle-slap the goblin.
The goblin is moderately wounded.
You constrict the goblin. The goblin hits you with a dagger.
You die...

#.#.......# ####..#
#)#.......# ####
#.#.......# ##.#########
#...# #...# #...#
#...###########
#..[.....g@...#############
#...#########.............#
#...# #############.. #...#
### #...# #####


You could see a goblin.

Vanquished Creatures
  2 giant cockroaches
  A hobgoblin (D:1)
  4 jackals
  3 kobolds (D:1)
  A quokka (D:1)
  3 bats
  A frilled lizard (D:1)
  13 goblins
  16 rats (D:1)
44 creatures vanquished.

Notes
Turn   | Place    | Note
-------+----------+-------------------------------------------
     0 | D:1      | tehllama the Octopode Transmuter began the quest for the Orb.
     0 | D:1      | Reached XP level 1. HP: 13/13 MP: 3/3
   182 | D:1      | Reached XP level 2. HP: 18/18 MP: 5/5
   381 | D:1      | Reached skill level 4 in Unarmed Combat
   412 | D:1      | Reached XP level 3. HP: 20/23 MP: 6/6
   668 | D:2      | Noticed Robin
   692 | D:2      | Reached skill level 1 in Stealth
   716 | D:1      | Slain by a goblin

Vault maps used:
D:1:      erik_arrival_orb_chamber, corexii_leaking_fountain
D:2:      serial_bayou_pond_b, uniq_crazy_yiuf_cottage, uniq_robin, uniq_natasha

Skill      XL: |  1  2  3 |
---------------+----------+-----
Unarmed Combat | 4 |  4.4
Stealth        | 1 |  1.3
Fighting       | |  1.0
Dodging        | |  2.0
Spellcasting   | |  2.0
Transmutations | |  2.0

Action                   || total
-------------------------++-------
Melee: Unarmed           ||    75
       Tentacles         ||    13
       Constrict         ||    15
       Kick              ||     1
       Punch             ||     1
Throw: Tomahawk          ||     1
 Cast: Beastly Appendage ||     2
 Stab: Sleeping          ||     3
Armor: Skin              ||    10
Dodge: Dodged            ||    44

Table legend:
 A = Spawn XP
 B = Non-spawn XP
 C = Spawn XP percentage of total XP
 D = Spawn monster count
 E = Non-spawn monster count
 F = Spawn count percentage of total count
 G = Total turns spent on level
                    A         B        C        D         E        F      G
               +---------+---------+-------+---------+---------+-------+---------
         Total |       7 |      60 |  10.4 |       4 |      40 |   9.1 |   716
               +---------+---------+-------+---------+---------+-------+---------
           D:1 |       7 |      40 |  14.9 |       4 |      29 |  12.1 |   626
           D:2 |       0 |      20 |   0.0 |       0 |      11 |   0.0 |    90
               +---------+---------+-------+---------+---------+-------+---------
